 Dungeon Crawl Stone Soup version 0.26-a0-949-ga0cc1ef5f6 (webtiles) character file.

Game seed: 17604752634390560477

4848 SolusNox the Grappler (level 10, -1/98 HPs)
             Began as a Troll Monk on Nov 28, 2020.
             Was an Elder of Makhleb.
             Slain by a killer bee (7 damage)
             ... on level 8 of the Dungeon.
             The game lasted 00:17:41 (6253 turns).

SolusNox the Grappler (Troll Monk)                  Turns: 6253, Time: 00:17:41

Health: -1/98      AC: 12    Str: 24    XL:     10   Next: 25%
Magic:  11/11      EV: 14    Int:  6    God:    Makhleb [****..]
Gold:   421        SH:  0    Dex: 12    Spells: 9/9 levels left

rFire    . . .     SeeInvis .     - Unarmed
rCold    . . .     Faith    .   (no shield)
rNeg     . . .     Spirit   .   o - +1 robe {MR+}
rPois    +         Reflect  .   (helmet restricted)
rElec    .         Harm     .   t - +0 cloak (curse)
rCorr    .         Rampage  .   (gloves unavailable)
MR       +....                  (boots unavailable)
Stlth    ++........             (no amulet)
HPRegen  0.66/turn              d - +4 ring of protection
MPRegen  0.12/turn              v - ring of poison resistance {rPois, !d}

@: no status effects
A: large, unfitting armour, claws 3, regeneration 1, shaggy fur 1, tough skin 3
a: Minor Destruction, Lesser Servant of Makhleb, Major Destruction, Renounce
Religion


You were on level 8 of the Dungeon.
You worshipped Makhleb.
Makhleb was greatly pleased with you.
You visited 2 branches of the dungeon, and saw 9 of its levels.

You collected 526 gold pieces.
You spent 105 gold pieces at shops.

Inventory:

Missiles
 b - 2 throwing nets {=f, !d}
Armour
 o - a +1 robe of magic resistance (worn)
   (You took it off Sigmund on level 3 of the Dungeon)
 t - a cursed +0 cloak (worn)
   (You found it on level 6 of the Dungeon)
Jewellery
 d - a +4 ring of protection (left claw)
   (You found it on level 1 of the Dungeon)
 h - a +6 ring of dexterity
   (You found it on level 1 of the Dungeon)
 s - an uncursed ring of protection from magic {MR+, !d}
   (You found it on level 6 of the Dungeon)
 v - a ring of poison resistance (right claw) {rPois, !d}
   (You found it on level 6 of the Dungeon)
Wands
 l - a wand of flame (7)
   (You found it on level 8 of the Dungeon)
 p - a wand of paralysis (10)
   (You took it off Ijyb on level 4 of the Dungeon)
 u - a wand of iceblast (14)
   (You found it on level 6 of the Dungeon)
Scrolls
 c - 3 scrolls of teleportation
 f - a scroll of fear
 g - a scroll of immolation {unknown}
 i - 3 scrolls of enchant weapon
 k - 3 scrolls of remove curse
 m - 2 scrolls of blinking {!r}
 r - 2 scrolls of identify
Potions
 a - 3 potions of curing
 e - a potion of flight
 j - a potion of heal wounds {unknown}
 n - a potion of cancellation {unknown}


   Skills:
 + Level 6.0 Fighting
 * Level 8.1 Dodging
 - Level 1.0 Stealth
 * Level 9.7 Unarmed Combat
 + Level 3.6 Invocations


You had 9 spell levels left.
You didn't know any spells.
Your spell library contained the following spells:

 Spells                   Type           Power        Failure   Level
 Corona                   Hex            #......      45%         1
 Ensorcelled Hibernation  Hex/Ice        #.....       58%         2
 Confusing Touch          Hex            #.......     83%         3
 Dazzling Flash           Conj/Hex       #.....       83%         3
 Tukima's Dance           Hex            #.......     83%         3
 Bolt of Magma            Conj/Fire/Erth #.........   100%        5
 Iskenderun's Battlesphe  Conj           #.......     100%        5
 Iron Shot                Conj/Erth      #.........   100%        6
 Orb of Destruction       Conj           #.........   100%        7
 Spellforged Servitor     Conj/Summ      #.........   100%        7


Dungeon Overview and Level Annotations

Branches:
Dungeon (8/15)             Temple (1/1) D:4
   Lair: D:8-11

Altars:
Ashenzari
Cheibriados
Dithmenos
Elyvilon
Fedhas
Gozag
Kikubaaqudgha
Makhleb
Nemelex Xobeh
Okawaru
Qazlal
Ru
Sif Muna
Trog
Uskayaw
Vehumet
Wu Jian
Yredelemnul
Zin
The Shining One

Shops:
D:4 *

Annotations:
D:3 2 runed translucent doors, Demosthentine's ghost, amateur FoFi


Innate Abilities, Weirdness & Mutations

You are too large for most types of armour.
You have claws for hands.
Your natural rate of healing is unusually fast.
You are covered in fur. (AC +1)
You have extremely tough skin. (AC +3)


Message History

You are no longer corroded.
No target in view!
No target in view!
Found a stone staircase leading up.
Things that are here:
a +0 dagger; a +0 chain mail; Health restored: 97
Things that are here:
a +0 dagger; a +0 robe
Things that are here:
a +0 battleaxe; a +0 chain mail; an orc corpse A killer bee comes into view.
The killer bee buzzes angrily.
You hear an angry buzzing noise. x3
A killer bee comes into view. x2 2 killer bees and an orc come into view.
The killer bee buzzes angrily.
A killer bee comes into view.
The orc shouts!
The killer bee closely misses you.
You closely miss the killer bee.
The killer bee stings you but does no damage.
The killer bee barely misses you. The killer bee stings you.
You take 2 damage, and have 95/97 hp.
The killer bee buzzes angrily.
You claw the killer bee!
You kill the killer bee!
Makhleb accepts your kill. The killer bee stings you.
The killer bee closely misses you.
You take 1 damage, and have 94/97 hp.
You scratch the killer bee. The killer bee completely misses you.
The killer bee stings you! The killer bee barely misses you.
The killer bee misses you. The killer bee stings you!
The killer bee closely misses you. x2
You take 16 damage, and have 78/97 hp.
You closely miss the killer bee. The killer bee misses you.
The killer bee barely misses you. x2; The killer bee closely misses you.
You miss the killer bee.
The killer bee stings you but does no damage.
The killer bee stings you!
The killer bee stings you but does no damage.
The killer bee closely misses you. The killer bee stings you. x2
You are poisoned.
The killer bee poisons you! The killer bee misses you.
The killer bee stings you but does no damage.
The killer bee barely misses you.
You take 13 damage, and have 65/97 hp.
You closely miss the killer bee. You claw the killer bee!
You kill the killer bee!
Makhleb accepts your kill.
You feel better.
You feel sick.
The killer bee stings you but does no damage. x2
The killer bee stings you. The killer bee closely misses you.
The killer bee completely misses you. The killer bee barely misses you.
You take 3 damage, and have 62/97 hp.
You closely miss the killer bee. You claw the killer bee!
You feel sick. The killer bee stings you. The killer bee closely misses you.
The killer bee stings you but does no damage.
The killer bee barely misses you. The killer bee completely misses you.
The killer bee stings you but does no damage.
The killer bee stings you!
You are more poisoned.
The killer bee poisons you!
You take 16 damage, and have 46/97 hp.
You closely miss the killer bee.
You feel sick. The killer bee completely misses you.
The killer bee barely misses you. x2
The killer bee stings you but does no damage.
The killer bee completely misses you. The killer bee closely misses you. x2
You take 1 damage, and have 45/97 hp.
You scratch the killer bee.
You kill the killer bee!
Makhleb accepts your kill.
You feel sick. The killer bee stings you! The killer bee closely misses you. x2
The orc hits you with a +0 whip. The killer bee stings you!
* * * LOW HITPOINT WARNING * * *
Your Fighting skill increases to level 6!
You take 22 damage, and have 23/97 hp.
MASSIVE DAMAGE!!
You feel better. The killer bee closely misses you. The killer bee stings you.
* * * LOW HITPOINT WARNING * * *
The killer bee barely misses you. The killer bee stings you.
* * * LOW HITPOINT WARNING * * *
The killer bee closely misses you. The orc hits you but does no damage.
The killer bee stings you.
* * * LOW HITPOINT WARNING * * *
You take 7 damage, and have 16/98 hp.
The killer bee barely misses you. The killer bee closely misses you.
The killer bee stings you but does no damage.
The killer bee stings you.
* * * LOW HITPOINT WARNING * * *
You take 1 damage, and have 15/98 hp.
The killer bee stings you but does no damage.
The killer bee misses you. The killer bee closely misses you.
The killer bee stings you!
* * * LOW HITPOINT WARNING * * *
The killer bee stings you but does no damage.
The killer bee closely misses you.
You take 10 damage, and have 6/98 hp.
The killer bee stings you.
* * * LOW HITPOINT WARNING * * *
The killer bee barely misses you. The killer bee stings you!
You die...

. ##..# #..## ##
##..####... #.
#......... ##..
##......### #...
####....#### .##
##..######.......#
...###................#
..........y@.....###..#
..........yyo..### #..#
.............### #..#
......†.....## #..[
...........## ...#
......!....# #..
...........#######....
.............))......<
.............)).......


You could see 3 killer bees and an orc.

Vanquished Creatures
  Harold (D:7)
  A two-headed ogre (D:7)
  Prince Ribbit (D:5)
  Sigmund (D:3)
  Menkaure (D:5)
  A water moccasin (D:6)
  A sky beast (D:5)
  2 phantoms (D:7)
  4 necrophages (D:7)
  3 orc warriors
  5 ogres
  2 centaurs
  Blork the orc (D:5)
  3 bullfrogs
  2 scorpions
  7 killer bees
  3 wights (D:4)
  A bullfrog zombie (D:7)
  3 howler monkeys
  2 centaur zombies
  A hound (D:6)
  2 jellies
  An orc priest (D:7)
  2 bullfrog skeletons (D:7)
  6 orc wizards
  Ijyb (D:4)
  An iguana (D:7)
  2 worker ants
  A hound zombie (D:6)
  A worker ant zombie (D:7)
  4 gnolls (D:6)
  A howler monkey skeleton (D:5)
  9 adders
  2 shadow imps
  An ufetubus (D:7)
  An ooze (D:3)
  An adder skeleton (D:7)
  3 worms
  A dart slug (D:2)
  2 leopard geckos (D:5)
  23 orcs
  6 bats
  5 giant cockroaches
  12 goblins
  6 hobgoblins
  15 jackals
  A quokka (D:4)
  3 ball pythons
  6 frilled lizards
  A jackal skeleton (D:5)
  3 kobolds
  A leopard gecko zombie (D:5)
  A quokka zombie (D:6)
  6 rats
  5 bushes (D:7)
182 creatures vanquished.

Vanquished Creatures (others)
  2 bushes (D:7)
  18 plants
  4 withered plants (D:7)
24 creatures vanquished.

Grand Total: 206 creatures vanquished

Notes
Turn   | Place    | Note
-------+----------+-------------------------------------------
     0 | D:1      | SolusNox the Troll Monk began the quest for the Orb.
     0 | D:1      | Reached XP level 1. HP: 22/22 MP: 0/0
   145 | D:1      | Reached XP level 2. HP: 29/29 MP: 1/1
   712 | D:2      | Found a sparkling altar of Nemelex Xobeh.
   759 | D:2      | Reached XP level 3. HP: 36/36 MP: 2/2
  1000 | D:2      | Reached skill level 3 in Dodging
  1493 | D:3      | Reached XP level 4. HP: 44/44 MP: 3/3
  1535 | D:3      | Found a large runed translucent door.
  1535 | D:3      | Found a large runed translucent door.
  1538 | D:3      | Noticed Demosthentine's ghost (amateur FoFi)
  1558 | D:3      | Reached skill level 4 in Unarmed Combat
  1577 | D:3      | Found an opulent altar of Gozag.
  1585 | D:3      | Noticed Sigmund
  1591 | D:3      | Killed Sigmund
  1592 | D:3      | Reached skill level 3 in Fighting
  1592 | D:3      | Reached XP level 5. HP: 47/53 MP: 4/4
  2106 | D:4      | Reached skill level 4 in Dodging
  2106 | D:4      | Reached XP level 6. HP: 61/61 MP: 5/5
  2114 | D:4      | Reached skill level 5 in Unarmed Combat
  2204 | D:4      | Found a staircase to the Ecumenical Temple.
  2242 | Temple   | Entered the Ecumenical Temple
  2269 | Temple   | Became a worshipper of Makhleb the Destroyer
  2269 | Temple   | Reached * piety under Makhleb
  2269 | Temple   | Reached ** piety under Makhleb
  2406 | D:4      | Found Lidghaets's General Store.
  2409 | D:4      | Bought a scroll of blinking for 105 gold pieces
  2482 | D:4      | Reached XP level 7. HP: 57/67 MP: 6/6
  2984 | D:4      | Found a blossoming altar of Fedhas.
  3092 | D:4      | Noticed Ijyb
  3104 | D:4      | Killed Ijyb
  3405 | D:5      | Entered Level 5 of the Dungeon
  3418 | D:5      | Reached skill level 6 in Unarmed Combat
  3543 | D:5      | Reached skill level 5 in Dodging
  3572 | D:5      | Reached skill level 4 in Fighting
  3617 | D:5      | Reached XP level 8. HP: 47/78 MP: 7/7
  3634 | D:5      | Noticed Prince Ribbit
  3956 | D:5      | Noticed Menkaure
  3971 | D:5      | Killed Menkaure
  4072 | D:5      | Killed Prince Ribbit
  4073 | D:5      | Reached skill level 6 in Dodging
  4073 | D:5      | Reached skill level 7 in Unarmed Combat
  4099 | D:5      | Noticed Blork the orc
  4112 | D:5      | Killed Blork the orc
  4389 | D:6      | Reached *** piety under Makhleb
  4588 | D:6      | Reached skill level 1 in Invocations
  5004 | D:7      | Reached skill level 8 in Unarmed Combat
  5004 | D:7      | Reached XP level 9. HP: 87/87 MP: 8/8
  5036 | D:7      | Reached skill level 5 in Fighting
  5092 | D:7      | Found a bloodstained altar of Trog.
  5092 | D:7      | Found a faded altar of an unknown god.
  5098 | D:7      | Found a faded altar of an unknown god.
  5100 | D:7      | Found a white marble altar of Elyvilon.
  5102 | D:7      | Found a snail-covered altar of Cheibriados.
  5183 | D:7      | Found a blossoming altar of Fedhas.
  5228 | D:7      | Found a sacrificial altar of Ru.
  5331 | D:7      | Reached skill level 7 in Dodging
  5331 | D:7      | Reached skill level 2 in Invocations
  5356 | D:7      | Noticed a two-headed ogre
  5361 | D:7      | Noticed Harold
  5364 | D:7      | Killed a two-headed ogre
  5371 | D:7      | HP: 16/88 [Harold/+0 scimitar (9)]
  5372 | D:7      | HP: 3/88 [Harold/+0 scimitar (12)]
  5545 | D:7      | HP: 13/88 [Harold/+0 scimitar (17)]
  5547 | D:7      | Killed Harold
  5547 | D:7      | Reached **** piety under Makhleb
  5548 | D:7      | Reached skill level 9 in Unarmed Combat
  5548 | D:7      | Reached skill level 3 in Invocations
  5679 | D:7      | Found a broken altar of Ashenzari.
  5698 | D:7      | Found an ancient bone altar of Kikubaaqudgha.
  5706 | D:7      | Found a radiant altar of Vehumet.
  5711 | D:7      | Reached XP level 10. HP: 97/98 MP: 11/11
  6011 | D:7      | Reached skill level 8 in Dodging
  6248 | D:8      | HP: 23/97 [killer bee (7)]
  6249 | D:8      | Reached skill level 6 in Fighting
  6252 | D:8      | HP: 6/98 [killer bee (10)]
  6253 | D:8      | Slain by a killer bee

Illustrated notes

Levels and vault maps discovered:
D:1:      arrival_zaba_pyramid, layout_rooms, serial_bayou, serial_bayou_pond_a,
          serial_bayou_pond_c, serial_bayou_shore_a, serial_bayou_pond_d
D:2:      layout_basic, lemuel_crystal_altar
D:3:      layout_loops_ring, ebering_ghost_disaster_area,
          nicolae_gozag_seed_capital, uniq_sigmund
D:4:      kennysheep_goblin_castle, layout_loops_corners, kennysheep_little_box,
          temple_statues, serial_shops, kennysheep_mini_moat
D:5:      layout_loops_cross, uniq_prince_ribbit1, uniq_menkaure,
          uniq_blork_the_orc
D:6:      layout_loops_ring, minivault_5
D:7:      layout_basic, chequers_temple_overflow_minitemple,
          kiku_gazebo_garden_becter, marbit_many_paths,
          ashenzari_conservatory_becter, basic_altar,
          chequers_serial_rivers_marsh, fedhas_altar_decomposition, uniq_harold
D:8:      layout_layer_cave
Temple:   hc_temple_tempest_star

Skill      XL: |  1  2  3  4  5  6  7  8  9 10 |
---------------+-------------------------------+-----
Dodging        | 3 4 5 6 7 8 |  8.1
Unarmed Combat | 4 5 6 8 9 |  9.7
Fighting       | 3 4 5 6 |  6.0
Invocations    | 1 3 |  3.6
Stealth        | |  1.0

Action                   |  1- 3 |  4- 6 |  7- 9 | 10-12 || total
-------------------------+-------+-------+-------+-------++-------
Melee: Unarmed           |   103 |    51 |   311 |   154 ||   619
       Punch             |     1 |       |     6 |    13 ||    20
  Use: Scroll            |       |       |    13 |       ||    13
       Potion            |       |       |     2 |     1 ||     3
 Stab: Sleeping          |     2 |     1 |     5 |       ||     8
Armor: Robe              |    29 |    14 |   100 |    33 ||   176
Dodge: Dodged            |    38 |    23 |   201 |    94 ||   356

Table legend: (Time is in decaauts)
 A = Elapsed time spent in this place.
 B = Non-inter-level travel time spent in this place.
 C = Inter-level travel time spent in this place.
 D = Time resting spent in this place.
 E = Time spent auto-exploring this place.
 F = Levels seen in this place.
 G = Mean time per level.
                   A        B        C        D        E       F      G
               +--------+--------+--------+--------+--------+-----+--------+
         Total |   6196 |   5587 |    609 |    348 |   3940 |   9 |  688.4 |
       Dungeon |   6044 |   5462 |    582 |    348 |   3818 |   8 |  755.5 |
        Temple |    151 |    124 |     27 |      0 |    121 |   1 |  151.0 |
               +--------+--------+--------+--------+--------+-----+--------+

Top non-repeatable levels by time:
     D:4: 1191 daAuts
     D:6: 976 daAuts
     D:7: 879 daAuts
     D:5: 822 daAuts
     D:3: 730 daAuts
     D:1: 729 daAuts
     D:2: 629 daAuts
  Temple: 151 daAuts
     D:8: 86 daAuts

Table legend:
 A = Kills in this place as a percentage of kills in entire the game.
 B = Kills by you in this place as a percentage of kills by you in the entire game.
 C = Kills by friends in this place as a percentage of kills by friends in the entire game.
 D = Other kills in this place as a percentage of other kills in the entire game.
 E = Experience gained in this place as a percentage of experience gained in the entire game.
 F = Experience gained in this place divided by the number of levels of this place that you have seen.
                   A       B       C       D       E      F
               +-------+-------+-------+-------+-------+----------------------
         Total | 100.0 | 100.0 |   N/A |   N/A | 100.0 | 769.7
       Dungeon | 100.0 | 100.0 |   N/A |   N/A | 100.0 | 865.9
               +-------+-------+-------+-------+-------+----------------------
